 Dungeon Crawl Stone Soup version 0.23.2-1-ga50397a (webtiles) character file.

Game seed: 8883160122921511618

95 Fang the Skirmisher (level 4, 0/43 HPs)
             Began as a Gargoyle Berserker on May 29, 2019.
             Was a Believer of Trog.
             Slain by an adder (2 damage)
             ... on level 4 of the Dungeon.
             The game lasted 00:01:34 (1674 turns).

Fang the Skirmisher (Gargoyle Berserker)            Turns: 1674, Time: 00:01:35

Health: 0/43       AC:  5    Str: 27    XL:     4   Next: 66%
Magic:  4/4        EV: 12    Int:  7    God:    Trog [**....]
Gold:   164        SH:  0    Dex: 12    Spells: 3/3 levels left

rFire    . . .     SeeInvis .   a - +0 war axe
rCold    . . .     Gourm    .   (no shield)
rNeg     + + .     Faith    .   b - +0 animal skin
rPois    ∞         Spirit   .   (no helmet)
rElec    +         Reflect  .   (no cloak)
rCorr    .         Harm     .   (no gloves)
MR       .....                  (no boots)
Stlth    ..........             (no amulet)
HPRegen  0.14/turn              j - ring of positive energy
MPRegen  0.09/turn              k - +3 ring of dexterity

@: berserking, very quick
A: negative energy resistance 1, electricity resistance, unbreathing,
petrification resistance, rot immunity, AC +3
a: Berserk, Trog's Hand, Renounce Religion


You were on level 4 of the Dungeon.
You worshipped Trog.
Trog was pleased with you.
You were hungry.

You visited 1 branch of the dungeon, and saw 4 of its levels.

You collected 164 gold pieces.

Inventory:

Hand Weapons
 a - a +0 war axe (weapon)
Armour
 b - a +0 animal skin (worn)
Jewellery
 j - a ring of positive energy (left hand)
 k - a +3 ring of dexterity (right hand)
 n - a +2 ring of protection {unknown}
Wands
 o - a wand of disintegration (15)
Scrolls
 h - a scroll of remove curse
 i - 4 scrolls of identify {unknown}
 l - 3 scrolls of teleportation {unknown}
Potions
 d - a potion of resistance {unknown}
 e - 2 potions of degeneration {unknown}
 f - a potion of curing {unknown}
 g - 2 potions of mutation {unknown}
 m - a potion of flight {unknown}
 p - a potion of berserk rage {unknown}
Comestibles
 c - 5 rations
 q - 3 chunks of flesh


   Skills:
 + Level 4.1 Fighting
 + Level 3.3 Axes
 + Level 3.2 Armour
 + Level 2.3 Dodging


You had 3 spell levels left.
You didn't know any spells.
Your spell library was empty.

Dungeon Overview and Level Annotations

Branches:
Dungeon (4/15)
 Temple: D:4-7

Altars:
Ashenzari
Dithmenos
Hepliaklqana
Trog
Wu Jian
The Shining One


Innate Abilities, Weirdness & Mutations

You are resistant to torment.
Your stone body is resilient. (AC +3)
You are immune to poison.
You resist negative energy. (rN+)
You are resistant to electric shocks. (rElec)
You can survive without breathing.
You are immune to petrification.
You are immune to rotting.


Message History

You slice the hound!!
You kill the hound!
Trog accepts your kill.
Your Fighting skill increases to level 4!
You closely miss the adder. You barely miss the orc.
The adder barely misses you. The orc priest hits you.
* * * LOW HITPOINT WARNING * * *
The adder barely misses you.
Things that are here:
a +2 falchion of electrocution; an orc corpse You barely miss the orc priest.
You slash the orc!
You kill the orc!
Trog accepts your kill.
You hit the adder. The adder closely misses you.
The orc priest barely misses you.
You barely miss the orc priest. You barely miss something.
You closely miss the adder. Something hits you but does no damage.
The adder bites you.
You die...

.... #... # #..# #.
##..# ###.# #.... .$.#
#. #..### #.. # ..#
#....# #.####.### #.##
##.#.###†S.......
...######.#<...)@o......
._......#.#.########.###
...#.##...#.# ####
#.##.####.........
#....# ###.#... #)####
#... . #.#########.#...
............#######
.##########........


You could see an orc priest and an adder.

Vanquished Creatures
  A hound (D:4)
  An adder (D:2)
  An ooze (D:3)
  2 worms (D:2)
  A dart slug (D:1)
  5 orcs (D:4)
  A ball python (D:1)
  A giant cockroach (D:2)
  3 goblins
  7 hobgoblins
  4 bats
  3 frilled lizards
  3 kobolds
  8 rats
41 creatures vanquished.

Notes
Turn   | Place    | Note
-------+----------+-------------------------------------------
     0 | D:1      | Fang the Gargoyle Berserker began the quest for the Orb.
     0 | D:1      | Reached XP level 1. HP: 14/14 MP: 1/1
   166 | D:1      | Reached XP level 2. HP: 17/19 MP: 2/2
   604 | D:2      | Reached ** piety under Trog
   652 | D:2      | Reached XP level 3. HP: 19/23 MP: 3/3
   920 | D:2      | Found a bloodstained altar of Trog.
  1023 | D:3      | Found a hazy altar of Hepliaklqana.
  1241 | D:3      | Found a shattered altar of Ashenzari.
  1282 | D:3      | Found a shadowy altar of Dithmenos.
  1282 | D:3      | Found an ornate altar of the Wu Jian Council.
  1634 | D:4      | Found a glowing golden altar of the Shining One.
  1643 | D:4      | Reached XP level 4. HP: 29/29 MP: 4/4
  1671 | D:4      | Reached skill level 4 in Fighting
  1672 | D:4      | HP: 2/43 [orc priest (3)]
  1674 | D:4      | Slain by an adder

Skill      XL: |  1  2  3  4 |
---------------+-------------+-----
Axes           | 3 |  3.3
Dodging        | 2 |  2.3
Armour         | 3 |  3.2
Fighting       | 4 |  4.1

Action                   |  1- 3 |  4- 6 || total
-------------------------+-------+-------++-------
Melee: Hand axe          |   124 |       ||   124
       War axe           |     8 |    10 ||    18
Invok: Berserk           |       |     1 ||     1
  Use: Scroll            |     1 |       ||     1
 Stab: Sleeping          |     1 |       ||     1
  Eat: Chunk             |     2 |     1 ||     3
Armor: Animal skin       |    57 |     2 ||    59
Dodge: Dodged            |    79 |    15 ||    94
